 Dungeon Crawl Stone Soup version 0.31-a0-876-gfe8ebadbca (webtiles) character file.

Game seed: 13006744127700130647

221 Klightning the Stinger (level 5, 0/42 HPs)
             Began as a Naga Venom Mage on Oct 14, 2023.
             Was an Initiate of Vehumet.
             Slain by a phantom (1 damage)
             ... on level 4 of the Dungeon.
             The game lasted 00:18:06 (3171 turns).

Klightning the Stinger (Naga Venom Mage)            Turns: 3171, Time: 00:18:06

Health: 0/42       AC:  4    Str: 10    XL:     5   Next: 98%
Magic:  16/18      EV:  9    Int: 18    God:    Vehumet [......]
Gold:   139        SH:  0    Dex: 11    Spells: 5/10 levels left

rFire   . . .        s - staff of death
rCold   . . .        (no shield)
rNeg    + . .        a - +0 robe
rPois   +            (no helmet)
rElec   .            (no cloak)
rCorr   .            g - +1 pair of gloves
SInv    +            (no barding)
Will    .....        (no amulet)
Stlth   +++          b - ring of magical power
HPRegen 0.27/turn    (no ring)
MPRegen 0.16/turn

%: no passive effects
@: very slow
A: AC +1, large, see invisible, deformed body, poison resistance, slowness 2,
spit poison 1, naga tail 1
a: Spit Poison, Renounce Religion


You were on level 4 of the Dungeon.
You worshipped Vehumet.
Vehumet was noncommittal.
You visited 1 branch of the dungeon, and saw 4 of its levels.

You collected 139 gold pieces.

Inventory:

Hand Weapons
 d - a +0 whip
 k - a +0 quarterstaff
Armour
 a - a +0 robe (worn)
 g - a +1 pair of gloves (worn)
 l - a +0 tower shield
Magical Staves
 s - a staff of death (weapon)
Jewellery
 b - a ring of magical power (left hand)
Talismans
 h - a serpent talisman
Scrolls
 c - 2 scrolls of fog
 i - 2 scrolls of poison
 m - 3 scrolls of enchant weapon
Potions
 e - a potion of heal wounds
 f - a potion of might
 n - a potion of resistance {unknown}
 o - a potion of invisibility {unknown}
 p - 2 potions of curing {unknown}
 q - 2 potions of mutation {unknown}
 r - a potion of enlightenment {unknown}


   Skills:
 - Level 1.5 Dodging
 + Level 4.7 Stealth
 + Level 3.2 Spellcasting
 - Level 1.0 Transmutations
 * Level 6.9 Poison Magic


You had 5 spell levels left.
You knew the following spells:

 Your Spells              Type           Power      Damage    Failure   Level
a - Sting                 Tmut/Pois      68%        1d6       3%          1
b - Olgreb's Toxic Radia  Pois           27%        N/A       10%         4

Your spell library contained the following spells:

 Spells                   Type           Power      Damage    Failure   Level
 Magic Dart               Conj           8%         1d3       16%         1
 Poisonous Vapours        Pois/Air       30%        N/A       6%          2
 Mephitic Cloud           Conj/Pois/Air  11%        N/A       19%         3


Dungeon Overview and Level Annotations

Branches:
Dungeon (4/15)
 Temple: D:4-7

Altars:
Vehumet


Innate Abilities, Weirdness & Mutations

Your serpentine skin is tough. (AC +1)
You have supernaturally acute eyesight. (SInv)
Armour fits poorly on your strangely shaped body.
Your system is resistant to poisons. (rPois)
You cover ground very slowly.
You can spit poison.
You have a snake-like lower body.


Message History

The phantom is heavily damaged.
The phantom barely misses you. The phantom closely misses you.
You hit the phantom but do no damage.
The phantom is moderately damaged.
The phantom barely misses you.
A hobgoblin comes into view.
You barely miss the phantom.
The phantom is moderately damaged.
The phantom hits you but does no damage.
You barely miss the phantom.
The phantom is moderately damaged.
The phantom barely misses you.
You hit the phantom.
The phantom is heavily damaged.
The phantom hits you but does no damage.
You hit the phantom.
The phantom is severely damaged.
The phantom closely misses you. The phantom hits you.
The hobgoblin hits you but does no damage.
You closely miss the phantom.
The phantom is severely damaged.
The phantom closely misses you. The hobgoblin misses you.
You barely miss the phantom.
The phantom is severely damaged.
The phantom barely misses you. The hobgoblin hits you.
You barely miss the phantom.
The phantom is severely damaged.
The phantom hits you.
* * * LOW HITPOINT WARNING * * *
The phantom blinks!
You blink.
You hit the phantom.
The phantom is severely damaged.
The phantom hits you.
* * * LOW HITPOINT WARNING * * *
You barely miss the phantom.
The phantom is severely damaged.
The phantom hits you.
* * * LOW HITPOINT WARNING * * *
The phantom blinks!
You blink.
The phantom hits you.
You die...

#..###.# #.#
#...##.# #.#
#.#.##.# #.#
###.#.##.####.####
......##.#.......#
##..##.....#####.#
#.###.....#
#...######## #.#
#.....# #.W§........
#.#
#.....###g.@########
#.#
#.....§........##
##.#
#####.§.........#
...# ##..........#
..##### ###....###.#
#.....# #....# .#
#####.# #...... .#
#.########...##..#
#<..........## ...


You could see a phantom and a hobgoblin.

Vanquished Creatures
  A scorpion (D:4)
  2 hounds (D:3)
  Robin (D:3)
  A gnoll (D:3)
  2 adders
  2 dart slugs (D:1)
  5 ball pythons
  4 bats
  3 endoplasms
  A giant cockroach (D:1)
  9 goblins
  16 hobgoblins
  2 jackals (D:3)
  2 quokkas (D:1)
  A frilled lizard (D:1)
  4 kobolds
  A rat (D:1)
57 creatures vanquished.

Notes
Turn   | Place    | Note
-------+----------+-------------------------------------------
     0 | D:1      | Klightning the Naga Venom Mage began the quest for the Orb.
     0 | D:1      | Reached XP level 1. HP: 15/15 MP: 3/3
   130 | D:1      | Reached XP level 2. HP: 18/22 MP: 1/5
   999 | D:1      | Reached skill level 5 in Poison Magic
  1032 | D:1      | Reached XP level 3. HP: 28/28 MP: 3/6
  1828 | D:3      | Found a radiant altar of Vehumet.
  1838 | D:3      | Became a worshipper of Vehumet
  2025 | D:3      | Reached XP level 4. HP: 36/36 MP: 7/7
  2143 | D:3      | Noticed Robin
  2796 | D:3      | Killed Robin
  2805 | D:3      | Learned a level 4 spell: Olgreb's Toxic Radiance
  2848 | D:3      | Reached skill level 6 in Poison Magic
  2848 | D:3      | Reached XP level 5. HP: 30/42 MP: 6/9
  3056 | D:4      | Reached * piety under Vehumet
  3056 | D:4      | Offered knowledge of Magic Dart by Vehumet.
  3138 | D:4      | Noticed a phantom
  3171 | D:4      | HP: 1/42 [phantom (6)]
  3171 | D:4      | Slain by a phantom

Illustrated notes

Levels and vault maps discovered:
D:1:      mrwooster_arrival_arrow, layout_basic, minivault_23
D:2:      layout_rooms
D:3:      layout_rooms, mainiacjoe_overflow_surrounded_room,
          cheibrodos_gnoll_hut, uniq_robin
D:4:      layout_loops_ring, zin_purify, uniq_natasha, uniq_edmund,
          uniq_eustachio

Skill      XL: |  1  2  3  4  5 |
---------------+----------------+-----
Poison Magic   | 5 6 |  6.9
Stealth        | 4 |  4.7
Spellcasting   | 3 |  3.2
Dodging        | |  1.5
Transmutations | |  1.0

Action                     |  1- 3 |  4- 6 || total
---------------------------+-------+-------++-------
  Melee: Whip              |    27 |       ||    27
         Unarmed           |     4 |       ||     4
         Staff             |     2 |    41 ||    43
   Cast: Sting             |    47 |    43 ||    90
         Olgreb's Toxic Ra |       |     3 ||     3
Ability: Spit Poison       |     2 |     5 ||     7
    Use: Scroll            |       |     5 ||     5
         Potion            |       |     1 ||     1
   Stab: Sleeping          |     1 |       ||     1
         Distracted        |     1 |       ||     1
 Armour: Robe              |    27 |    76 ||   103
  Dodge: Dodged            |    23 |    45 ||    68
         Form:             |     1 |       ||     1
         Anaconda          |     1 |       ||     1

Table legend: (Time is in decaauts)
 A = Elapsed time spent in this place.
 B = Non-inter-level travel time spent in this place.
 C = Inter-level travel time spent in this place.
 D = Time resting spent in this place.
 E = Time spent auto-exploring this place.
 F = Levels seen in this place.
 G = Mean time per level.
                   A        B        C        D        E       F      G
               +--------+--------+--------+--------+--------+-----+--------+
         Total |   3975 |   3801 |    174 |    359 |   2574 |   4 |  993.8 |
       Dungeon |   3975 |   3801 |    174 |    359 |   2574 |   4 |  993.8 |
               +--------+--------+--------+--------+--------+-----+--------+

Top non-repeatable levels by time:
     D:1: 1564 daAuts
     D:3: 1314 daAuts
     D:2: 932 daAuts
     D:4: 164 daAuts
